 Dungeon Crawl Stone Soup version 0.28-a0-537-g3bccd9ccbf (webtiles) character file.

Game seed: 8823661888116648892

129 meatgazer the Agent of Entropy (level 4, 0/55 HPs)
             Began as a Demonspawn Abyssal Knight on Sept 27, 2021.
             Was a Priest of Lugonu.
             Splashed by a jelly's acid (1 damage)
             ... on level 4 of the Dungeon.
             The game lasted 00:06:25 (2573 turns).

meatgazer the Agent of Entropy (DsAK)               Turns: 2573, Time: 00:06:26

Health: 0/55       AC: 14    Str: 14    XL:     4   Next: 88%
Magic:  0/7        EV:  2    Int: 12    God:    Lugonu [***...]
Gold:   141        SH:  0    Dex: 13    Spells: 3/3 levels left

rFire   . . .      SeeInvis .   a - +3 spear
rCold   . . .      Faith    .   (no shield)
rNeg    + + +      Spirit   +   (armour currently unavailable)
rPois   +          Reflect  .   (helmet currently unavailable)
rElec   .          Harm     .   (cloak currently unavailable)
rCorr   .          Rampage  .   (gloves currently unavailable)
Will    .....      NoTele   +   (boots currently unavailable)
Stlth   +.........              g - amulet of guardian spirit
HPRegen 0.18/turn               n - ring of poison resistance
MPRegen 0.10/turn               (no ring)

@: tree-form, corroded
A: stationary, stasis, torment immunity, boosted hp, (antennae 1)
a: Renounce Religion, Depart the Abyss, Bend Space, Banish


You were on level 4 of the Dungeon.
You worshipped Lugonu.
Lugonu was most pleased with you.
You were a tree.
You visited 1 branch of the dungeon, and saw 4 of its levels.
You visited the Abyss 1 time.

You collected 141 gold pieces.

Inventory:

Hand Weapons
 a - a +3 spear (weapon)
Armour
 b - a +2 leather armour (melded)
 j - a +0 buckler
 m - a +0 hat (melded)
Jewellery
 e - a ring of fire
 g - an amulet of guardian spirit (around neck)
 i - an amulet of the acrobat
 n - a ring of poison resistance (left branch)
Wands
 c - a wand of digging (1)
 d - a wand of polymorph (10)
Scrolls
 k - 2 scrolls of magic mapping
Potions
 f - 2 potions of curing
 h - 2 potions of ambrosia
 p - a potion of brilliance


   Skills:
 + Level 4.0 Fighting
 + Level 2.5 Polearms
 - Level 2.0 Armour
 - Level 1.0 Dodging
 + Level 0.2 Shields
 * Level 4.6 Invocations


You had 3 spell levels left.
You didn't know any spells.
Your spell library contained the following spells:

 Spells                   Type           Power      Damage    Failure   Level
 Corpse Rot               Necr/Air       N/A        N/A       45%         2
 Poisonous Vapours        Pois/Air       0%         N/A       45%         2
 Ozocubu's Armour         Ice            0%         N/A       69%         3
 Summon Guardian Golem    Hex/Summ       0%         N/A       69%         3
 Fireball                 Conj/Fire      0%         3d3       100%        5
 Starburst                Conj/Fire      0%         6d3       100%        6
 Malign Gateway           Summ/Tloc      0%         N/A       100%        7
 Orb of Destruction       Conj           0%         N/A       100%        7
 Ozocubu's Refrigeration  Ice            0%         4d5       100%        7
 Spellforged Servitor     Conj/Summ      0%         N/A       100%        7
 Ignition                 Fire           0%         3d3       100%        8
 Summon Horrible Things   Summ           0%         N/A       100%        8


Dungeon Overview and Level Annotations

Branches:
Dungeon (4/15)
 Temple: D:4-7

Altars:
Dithmenos


Innate Abilities, Weirdness & Mutations

You are a tree.
Your roots penetrate the ground, keeping you stationary.
You cannot be teleported.
You are immune to unholy pain and torment.
Your maximum health is greatly increased.
Your equipment is partially melded.
((You have a pair of small antennae on your head.))


Message History

The jelly quivers.
You hit the jelly. The acid corrodes you!
Your hands burn!
The jelly is moderately wounded.
The jelly hits you.
You are splashed with acid!
You hit the jelly.
Your hands burn!
The jelly is moderately wounded.
The jelly hits you.
You are splashed with acid!
You are too injured to fight recklessly!
You hit the jelly.
Your hands burn!
* * * LOW HITPOINT WARNING * * *
The jelly is moderately wounded.
The jelly closely misses you.
Okay, then.
Really quaff the potion of lignification?
You turn into a tree.
Your +0 hat melds into your body.
Your +2 leather armour melds into your body.
Your roots penetrate the ground.
The jelly hits you but does no damage.
You hit the jelly but do no damage. The acid corrodes you!
Your branches burn!
* * * LOW HITPOINT WARNING * * *
The jelly is moderately wounded.
The jelly hits you.
* * * LOW HITPOINT WARNING * * *
The acid corrodes you!
You are splashed with acid!
* * * LOW HITPOINT WARNING * * *
You barely miss the jelly.
The jelly is moderately wounded.
The jelly hits you but does no damage.
You completely miss the jelly.
The jelly is moderately wounded.
The jelly hits you but does no damage.
You hit the jelly but do no damage.
Your branches burn!
* * * LOW HITPOINT WARNING * * *
The jelly is moderately wounded.
The jelly hits you but does no damage.
You hit the jelly but do no damage.
Your branches burn!
* * * LOW HITPOINT WARNING * * *
The jelly is moderately wounded.
The jelly hits you but does no damage.
You hit the jelly but do no damage.
Your branches burn!
You die...

####### ###
#.....# #..
#.###.## #.#
#.#...<# #.#
#.##########.#
#..........#.#
##########.#J#
########.#♣#
#..........#
#..........#
#..........#
#.........^#
#..........#
#..........#
#..........#
#..........#


You could see a jelly.

Vanquished Creatures
  Jessica (D:3)
  An adder (D:2)
  An ufetubus (D:4)
  A worm (D:2)
  5 dart slugs
  7 bats
  4 endoplasms
  A giant cockroach (D:1)
  8 goblins
  7 hobgoblins
  10 jackals
  8 kobolds
  2 quokkas (D:2)
  7 ball pythons
  3 frilled lizards
  3 rats
69 creatures vanquished.

Vanquished Creatures (others)
  8 plants (D:2)
  16 withered plants (D:2)
24 creatures vanquished.

Grand Total: 93 creatures vanquished

Notes
Turn   | Place    | Note
-------+----------+-------------------------------------------
     0 | Abyss:1  | meatgazer the Demonspawn Abyssal Knight began the quest for
                  | the Orb.
     0 | Abyss:1  | Reached XP level 1. HP: 18/18 MP: 2/2
    43 | Abyss:2  | Noticed a centaur warrior skeleton
    66 | Abyss:3  | Noticed an ancient zyme
    89 | D:1      | Escaped the Abyss
   156 | D:1      | You fall into a shaft and drop 1 floor!
   335 | D:2      | Reached * piety under Lugonu
   344 | D:1      | Gained mutation: You have a pair of small antennae on your
                  | head. [demonic ancestry]
   344 | D:1      | Reached XP level 2. HP: 21/24 MP: 3/3
   403 | D:1      | Reached skill level 1 in Dodging
  1070 | D:2      | Reached XP level 3. HP: 29/29 MP: 5/5
  1292 | D:2      | Reached ** piety under Lugonu
  1417 | D:2      | Found a faded altar of an unknown god.
  1678 | D:3      | Reached XP level 4. HP: 37/37 MP: 6/6
  2068 | D:3      | Noticed Jessica
  2079 | D:3      | Killed Jessica
  2139 | D:3      | Found a shadowy altar of Dithmenos.
  2551 | D:4      | Reached *** piety under Lugonu
  2572 | D:4      | HP: 1/55 [acid (2)]
  2573 | D:4      | Splashed by a jelly's acid

Illustrated notes

Levels and vault maps discovered:
D:1:      lordsloth_arrival_two_stooges, layout_loops_ring
D:2:      layout_rooms, shapermc_ecumenical_altar_flowoftime, minmay_octomino_c4
D:3:      layout_basic, grunt_dithmenos_smoke_and_mirrors, uniq_jessica
D:4:      layout_basic

Skill      XL: |  1  2  3  4 |
---------------+-------------+-----
Dodging        | 1 |  1.0
Armour         | 2 |  2.0
Polearms       | 2 |  2.5
Invocations    | 3 4 |  4.6
Fighting       | 4 |  4.0
Shields        | |  0.2

Action                   |  1- 3 |  4- 6 || total
-------------------------+-------+-------++-------
Melee: Spear             |   133 |    65 ||   198
       Unarmed           |       |     2 ||     2
Invok: Depart the Abyss  |     1 |       ||     1
  Use: Scroll            |     7 |     5 ||    12
       Potion            |     1 |     4 ||     5
 Stab: Sleeping          |     1 |       ||     1
       Distracted        |       |     1 ||     1
       Confused          |       |     1 ||     1
Armor: Leather armour    |    23 |    17 ||    40
       Skin              |       |     5 ||     5
Dodge: Dodged            |    62 |    29 ||    91

Table legend: (Time is in decaauts)
 A = Elapsed time spent in this place.
 B = Non-inter-level travel time spent in this place.
 C = Inter-level travel time spent in this place.
 D = Time resting spent in this place.
 E = Time spent auto-exploring this place.
 F = Levels seen in this place.
 G = Mean time per level.
                   A        B        C        D        E       F      G
               +--------+--------+--------+--------+--------+-----+--------+
         Total |   2572 |   2518 |     54 |    168 |   1781 |   7 |  367.4 |
       Dungeon |   2482 |   2428 |     54 |    168 |   1754 |   4 |  620.5 |
         Abyss |     89 |     89 |      0 |      0 |     27 |   3 |   29.7 |
               +--------+--------+--------+--------+--------+-----+--------+

Top non-repeatable levels by time:
     D:3: 790 daAuts
     D:1: 788 daAuts
     D:2: 773 daAuts
     D:4: 130 daAuts
 Abyss:3: 43 daAuts
 Abyss:2: 24 daAuts
 Abyss:1: 22 daAuts
